 Dungeon Crawl Stone Soup version 0.21.1-1-g345015fe64 (webtiles) character file.

126 Perunarutto the Conjurer (level 4, 0/24 HPs)
             Began as a Deep Elf Conjurer on May 4, 2018.
             Was an Initiate of Vehumet.
             Killed from afar by Ijyb (11 damage)
             ... with a wand of flame (32)
             ... on level 3 of the Dungeon.
             The game lasted 00:19:34 (2435 turns).

Perunarutto the Conjurer (Deep Elf Conjurer)        Turns: 2435, Time: 00:19:35

Health: 0/24       AC:  2    Str:  6    XL:     4   Next: 84%
Magic:  1/10       EV: 13    Int: 20    God:    Vehumet [......]
Gold:   134        SH:  0    Dex: 15    Spells: 8/9 levels left

rFire    . . .     SeeInvis .   (no weapon)
rCold    . . .     Gourm    .   (no shield)
rNeg     . . .     Faith    .   a - +0 robe
rPois    .         Spirit   .   (no helmet)
rElec    .         Reflect  .   (no cloak)
rCorr    .         Harm     .   (no gloves)
MR       .....                  (no boots)
Stlth    ++........             (no amulet)
HPRegen  0.08/turn              (no ring)
MPRegen  0.12/turn              (no ring)

@: no status effects
A: no striking features
a: Renounce Religion


You were on level 3 of the Dungeon.
You worshipped Vehumet.
Vehumet was noncommittal.
You were not hungry.

You visited 1 branch of the dungeon, and saw 3 of its levels.

You collected 134 gold pieces.

Inventory:

Armour
 a - a +0 robe (worn)
Jewellery
 l - a +3 ring of strength {unknown}
Scrolls
 d - a scroll of teleportation {unknown}
 g - a scroll of blinking {unknown}
 h - a scroll of identify {unknown}
Potions
 e - a potion of cancellation {unknown}
 f - a potion of mutation {unknown}
 i - a potion of brilliance {unknown}
 j - a potion of curing {unknown}
 k - a potion of haste {unknown}
 m - a potion of degeneration {unknown}
Books
 b - a book of Conjurations

   Spells                             Type                      Level
   a - Magic Dart                     Conjuration                  1
   b - Searing Ray                    Conjuration                  2
   c - Dazzling Spray                 Conjuration/Hexes            3
   d - Fulminant Prism                Conjuration/Hexes            4
   e - Force Lance                    Conjuration/Translocation    4
   f - Iskenderun's Mystic Blast      Conjuration                  4
Comestibles
 c - 5 rations


   Skills:
 - Level 2.5 Dodging
 - Level 2.4 Stealth
 - Level 3.1 Spellcasting
 + Level 6.7 Conjurations


You had 8 spell levels left.
You knew the following spells:

 Your Spells              Type           Power        Failure   Level  Hunger
a - Magic Dart            Conj           ####         1%          1    None


Dungeon Overview and Level Annotations

Branches:
Dungeon (3/15)

Altars:
Gozag
Nemelex Xobeh
Vehumet

Annotations:
D:3 Ijyb, Jessica


Message History

Casting: Magic Dart
Confirm with . or Enter, or press ? or * to list all spells.
Aiming: Magic Dart
Press: ? - help, Shift-Dir - straight line, f/p - Ijyb
Aim: Ijyb, wielding a club, wearing a leather armour and carrying a wand of flame (33) (heavily wounded)
The magic dart hits Ijyb.
Ijyb is heavily wounded.
Ijyb zaps a wand.
The puff of flame hits you!
Casting: Magic Dart
Confirm with . or Enter, or press ? or * to list all spells.
Aiming: Magic Dart
Press: ? - help, Shift-Dir - straight line, f/p - Ijyb
Aim: Ijyb, wielding a club, wearing a leather armour and carrying a wand of flame (32) (heavily wounded)
The magic dart hits Ijyb.
Ijyb is heavily wounded.
Ijyb closely misses you.
Jessica casts a spell.
Jessica blinks!
Ijyb zaps a wand.
The puff of flame hits you!
You die...

######## #......# #######
#......# .......
#......#########. #####.
#......g.@....... ####..
#..........###### ##....#
#...#...#..##.<.# ##..####
##..###.###..#...# #..##
#....#...#..w#...###.##
###.#.@.._....##...##..#
#......#...#..#$...##.##
#####.#.#.###.###......##.#######
...........#...#...#w..##.#.....#


You could see Ijyb, a dart slug and Jessica.

Vanquished Creatures
  A bullfrog skeleton (D:2)
  3 adders
  4 worms
  A dart slug (D:3)
  3 leopard geckos
  3 giant cockroaches
  8 goblins
  4 hobgoblins
  4 jackals (D:2)
  A quokka (D:3)
  A ball python (D:1)
  8 bats
  6 frilled lizards
  2 kobolds (D:2)
  7 rats
56 creatures vanquished.

Notes
Turn   | Place    | Note
-------+----------+-------------------------------------------
     0 | D:1      | Perunarutto the Deep Elf Conjurer began the quest for the Orb.
     0 | D:1      | Reached XP level 1. HP: 10/10 MP: 6/6
   413 | D:1      | Reached XP level 2. HP: 15/15 MP: 5/8
   957 | D:2      | Reached skill level 5 in Conjurations
  1017 | D:2      | Found an opulent altar of Gozag.
  1033 | D:2      | Reached XP level 3. HP: 9/19 MP: 1/9
  1360 | D:2      | Reached skill level 6 in Conjurations
  1537 | D:2      | Reached XP level 4. HP: 24/24 MP: 3/10
  2086 | D:2      | Found a sparkling altar of Nemelex Xobeh.
  2383 | D:3      | Noticed Jessica
  2391 | D:3      | Noticed Ijyb
  2406 | D:3      | Found a radiant altar of Vehumet.
  2414 | D:3      | Became a worshipper of Vehumet
  2435 | D:3      | Killed from afar by Ijyb

Skill      XL: |  1  2  3 |
---------------+----------+-----
Conjurations   | 5 6 |  6.7
Dodging        | |  2.5
Stealth        | |  2.4
Spellcasting   | |  3.1

Action                   |  1- 3 |  4- 6 || total
-------------------------+-------+-------++-------
 Cast: Magic Dart        |    59 |    65 ||   124
Evoke: Wand              |       |    12 ||    12
  Eat: Ration            |     1 |     1 ||     2
Armor: Robe              |     3 |       ||     3
Dodge: Dodged            |     9 |     8 ||    17
